 Dungeon Crawl Stone Soup version 0.19-a0-1511-g16f215b (webtiles) character file.

189 yesno the Sneak (level 5, -11/35 HPs)
             Began as a Vampire Earth Elementalist on Sept 12, 2016.
             Was a Follower of Makhleb.
             Killed by divine providence
             ... invoked by an orc priest
              (14 damage)
             ... on level 4 of the Dungeon.
             The game lasted 00:12:31 (2177 turns).

yesno the Sneak (Vampire Earth Elementalist)        Turns: 2177, Time: 00:12:31

Health: -11/35     AC:  3    Str:  7    XL:     5   Next: 40%
Magic:  1/8        EV: 13    Int: 18    God:    Makhleb [*.....]
Gold:   45         SH:  0    Dex: 13    Spells: 3 memorised, 1 level left

rFire  . . .     SeeInvis +     a - +1 dagger (vamp)
rCold  + + .     Gourm    .     c - +0 robe
rNeg   + + +     Faith    .     (no shield)
rPois  ∞         Spirit   .     (helmet restricted)
rElec  .         Dismiss  .     (no cloak)
rCorr  .         Reflect  .     k - +0 pair of gloves
MR     .....     Harm     .     (no boots)
Stlth  +++.......               (no amulet)
                                (no ring)
                                (no ring)

@: bloodless, non-regenerating
A: fangs 3, horns 1, see invisible, berserk 1, clumsy 1, unbreathing
a: Bat Form, Renounce Religion


You were on level 4 of the Dungeon.
You worshipped Makhleb.
Makhleb was aware of your devotion.
You were bloodless.

You visited 1 branch of the dungeon, and saw 4 of its levels.

You collected 45 gold pieces.

Inventory:

Hand Weapons
 a - a +1 vampiric dagger (weapon)
 h - a +0 dagger
 p - a +0 blowgun
Missiles
 b - 81 stones (quivered)
 q - 3 poisoned needles
Armour
 c - a +0 robe (worn)
 k - a +0 pair of gloves (worn)
Jewellery
 j - an uncursed ring of flight {unknown}
 l - an uncursed ring of poison resistance {unknown}
Scrolls
 f - a scroll of enchant weapon
 g - 2 scrolls of blinking {unknown}
 m - 2 scrolls of teleportation
 n - a scroll of fear {unknown}
 s - a scroll of recharging {unknown}
Potions
 d - 6 potions of blood
 r - a potion of lignification {unknown}
Books
 e - a book of Geomancy

   Spells                             Type                      Level
   a - Sandblast                      Earth                        1
   b - Passwall                       Transmutation/Earth          2
   c - Stone Arrow                    Conjuration/Earth            3
   d - Petrify                        Transmutation/Earth          4
   e - Lee's Rapid Deconstruction     Earth                        5


   Skills:
 - Level 2.4 Dodging
 + Level 5.1 Stealth
 - Level 2.1 Spellcasting
 + Level 2.7 Transmutations
 * Level 4.7 Earth Magic


You had one spell level left.
You knew the following spells:

 Your Spells              Type           Power        Failure   Level  Hunger
a - Sandblast             Erth           ###...       2%          1    #......
b - Passwall              Tmut/Erth      ###.......   8%          2    ###....
c - Petrify               Tmut/Erth      ###.....     41%         4    #####..


Dungeon Overview and Level Annotations

Branches:
Dungeon (4/15)
 Temple: D:4-7

Altars:
Cheibriados
Makhleb

Annotations:
D:1 exclusion: door
D:3 exclusion: 2 orcs
D:4 exclusions: orc wizard and phantom


Innate Abilities, Weirdness & Mutations

You do not heal naturally.
You are immune to poison.
You have razor-sharp teeth.
You have supernaturally acute eyesight. (SInv)
You can survive without breathing.
You have a pair of small horns on your head.
You tend to lose your temper in combat.
You are clumsy. (Dex -2)


Message History

* * * LOW HITPOINT WARNING * * *
You take 1 damage, and have 2/35 hp.
You closely miss the orc priest.
The orc priest is severely wounded.
The orc priest miscasts a cantrip.
You closely miss the orc priest.
The orc priest is severely wounded.
The orc priest misses you.
You hit the orc priest.
The orc priest is severely wounded.
The orc priest hits you but does no damage.
You hit the orc priest.
You feel better.
The orc priest is almost dead.
The orc priest looks braver for a moment.
You hit the orc priest.
You headbutt the orc priest, but do no damage.
The orc priest is almost dead.
The orc priest mumbles some strange prayers to Beogh against you.
Beogh smites you!
You die...

#.# #...........#...%.. #.#
#####.....o..).....
#######.#######...o†###<.(...
#............####.### .....
#.#####.####.# #.# o..$
#..<...# #o# .##
#.#####.#.#..# #.# #
#............####)#
#######.#.#....@o.#
#.....#######
###.#.##########
#####.#.#.........
######.........)########
..............#.####....
######.###...........##
######.# #..............
.......# ###.###########


You could see an orc priest.

Vanquished Creatures
  An orc priest (D:4)
  An orc wizard (D:3)
  4 adders
  3 oozes
  A dart slug (D:1)
  5 giant geckos
  7 orcs
  4 giant cockroaches
  6 goblins
  9 hobgoblins
  2 jackals (D:2)
  10 kobolds
  A quokka (D:3)
  9 bats
  A giant newt (D:4)
  A rat (D:3)
65 creatures vanquished.

Notes
Turn   | Place    | Note
-------+----------+-------------------------------------------
     0 | D:1      | yesno the Vampire Earth Elementalist began the quest for the Orb.
     0 | D:1      | Reached XP level 1. HP: 13/13 MP: 3/3
   206 | D:1      | Reached XP level 2. HP: 18/19 MP: 5/5
   210 | D:1      | Learned a level 2 spell: Passwall
   633 | D:1      | Reached XP level 3. HP: 17/24 MP: 2/6
  1194 | D:2      | Reached skill level 4 in Stealth
  1220 | D:2      | Found a burning altar of Makhleb.
  1221 | D:2      | Found a snail-covered altar of Cheibriados.
  1230 | D:2      | Became a worshipper of Makhleb the Destroyer
  1408 | D:3      | Reached XP level 4. HP: 23/30 MP: 2/7
  1414 | D:3      | Learned a level 4 spell: Petrify
  1991 | D:4      | Reached XP level 5. HP: 27/35 MP: 5/8
  2044 | D:4      | Noticed a phantom
  2150 | D:4      | Reached skill level 5 in Stealth
  2169 | D:4      | Reached * piety under Makhleb
  2172 | D:4      | Gained mutation: You tend to lose your temper in combat. [potion of mutation]
  2172 | D:4      | Gained mutation: You are clumsy. (Dex -2) [potion of mutation]
  2172 | D:4      | Gained mutation: You have a pair of small horns on your head. [potion of mutation]
  2177 | D:4      | Killed from afar by an orc priest

Vault maps used:
D:1:      shiori_arrival_maze
D:2:      minitemple
D:3:      first_bread
D:4:      gammafunk_temple_overflow_statue

Skill      XL: |  1  2  3  4  5 |
---------------+----------------+-----
Transmutations | 2 |  2.7
Stealth        | 4 5 |  5.1
Earth Magic    | 4 |  4.7
Dodging        | |  2.4
Spellcasting   | |  2.1

Action                   |  1- 3 |  4- 6 || total
-------------------------+-------+-------++-------
Melee: Unarmed           |    23 |       ||    23
       Dagger            |    39 |    19 ||    58
       Bite              |     3 |     1 ||     4
       Headbutt          |       |     1 ||     1
Throw: Stone             |     1 |     1 ||     2
 Cast: Sandblast         |    52 |    53 ||   105
  Use: Scroll            |     3 |       ||     3
       Potion            |       |     2 ||     2
 Stab: Sleeping          |     8 |       ||     8
Armor: Robe              |    23 |    16 ||    39
Dodge: Dodged            |    79 |    43 ||   122
